 Dungeon Crawl Stone Soup version 0.28-a0-683-ga8797d1ae1 (webtiles) character file.

Game seed: 10644866168477467190

2 cheechan the Skirmisher (level 1, -5/14 HPs)
             Began as a Gargoyle Chaos Knight on Oct 18, 2021.
             Was a Plaything of Xom.
             Slain by a guardian serpent (shapeshifter) (12 damage)
             ... on level 1 of the Dungeon.
             The game lasted 00:00:27 (52 turns).

cheechan the Skirmisher (Gargoyle Chaos Knight)       Turns: 52, Time: 00:00:28

Health: -5/14      AC:  7    Str: 15    XL:     1   Next: 40%
Magic:  1/1        EV:  8    Int: 12    God:    Xom [..*...]
Gold:   0          SH:  0    Dex:  9    Spells: 0/0 levels left

rFire   . . .      SeeInvis .   a - +0 mace (chaos)
rCold   . . .      Faith    .   (no shield)
rNeg    + . .      Spirit   .   b - +2 leather armour
rPois   ∞          Reflect  .   (no helmet)
rElec   +          Harm     .   (no cloak)
rCorr   .          Rampage  .   (no gloves)
Will    .....                   (no boots)
Stlth   +.........              (no amulet)
HPRegen 0.04/turn               (no ring)
MPRegen 0.07/turn               (no ring)

@: constricted
A: sickness immunity, AC +2, negative energy resistance 1, electricity
resistance, torment resistance 1, petrification resistance
a: Renounce Religion


You were on level 1 of the Dungeon.
You worshipped Xom.
You were a toy of Xom.
You visited 1 branch of the dungeon, and saw 1 of its levels.

Inventory:

Hand Weapons
 a - a +0 mace of chaos (weapon)
Armour
 b - a +2 leather armour (worn)


   Skills:
 + Level 3.4 Fighting
 + Level 3.1 Maces & Flails
 + Level 2.1 Armour
 + Level 0.7 Dodging


You couldn't memorise any spells.
You didn't know any spells.
Your spell library was empty.

Dungeon Overview and Level Annotations

Branches:
Dungeon (1/15)

Altars:


Innate Abilities, Weirdness & Mutations

You are immune to sickness and miasma.
Your stone body is resilient. (AC +2)
You are immune to poison.
You resist negative energy. (rN+)
You are resistant to electric shocks. (rElec)
You are resistant to unholy torment.
You are immune to petrification.


Message History

You miss the quokka.
The quokka is severely wounded.
The quokka barely misses you.
The ball python bites you but does no damage.
The ball python constricts you.
The dart slug bites you but does no damage.
You miss the quokka.
The quokka is severely wounded.
The ball python seems less confused.
The quokka misses you. The giant cockroach bites you.
The ball python bites you but does no damage.
The ball python constricts you. The quokka barely misses you.
The giant cockroach waves its antennae.
The giant cockroach bites you but does no damage.
You hit the quokka but do no damage. You drain the quokka.
You kill the quokka!
The ball python bites you. The ball python constricts you.
The giant cockroach bites you but does no damage.
The ball python bites you but does no damage.
The ball python constricts you. The ball python barely misses you.
You barely miss the ball python.
The dart slug seems less confused.
The giant cockroach bites you but does no damage.
The ball python bites you but does no damage.
The ball python constricts you.
The ball python bites you but does no damage.
The giant cockroach bites you but does no damage.
You hit the ball python. The shapeshifter loses its grip on you.
The ball python changes into a shapeshifter!
Xom is amused.
The shapeshifter is moderately wounded.
The shapeshifter changes into a guardian serpent!
The ball python bites you. The ball python grabs you.
The ball python constricts you. The giant cockroach barely misses you.
The ball python bites you. The ball python constricts you.
You hit the giant cockroach. You freeze the giant cockroach.
You kill the giant cockroach!
The guardian serpent hits you!
Ouch! That really hurt!
You die...
Xom cackles wildly!

..... ..K.. ... r
... #B# # #.# ...
#####(#####.....
######......K@..#
#...........SSw.#
#.####..........#
#.#
#####.####....
#.# #.# .#... #.#
#.. ##.... #.#
##.# ... #.# .#
## #.# .#


You could see a guardian serpent shaped shifter, a dart slug, a ball python and
a kobold.

Vanquished Creatures
  A giant cockroach (D:1)
  A goblin (D:1)
  A quokka (D:1)
3 creatures vanquished.

Notes
Turn   | Place    | Note
-------+----------+-------------------------------------------
     0 | D:1      | cheechan the Gargoyle Chaos Knight began the quest for the
                  | Orb.
     0 | D:1      | Reached XP level 1. HP: 14/14 MP: 1/1
    34 | D:1      | XOM: divination: detect creatures
    38 | D:1      | XOM: confuse monster(s)
    51 | D:1      | Noticed a shapeshifter
    51 | D:1      | a ball python changed into a shapeshifter
    51 | D:1      | Noticed a guardian serpent
    51 | D:1      | a shapeshifter changed into a guardian serpent
    52 | D:1      | Slain by a guardian serpent (shapeshifter)

Illustrated notes

Levels and vault maps discovered:
D:1:      wheals_arrival_linesprint, layout_rooms,
          shapermc_ecumenical_altar_ellora

Action                   || total
-------------------------++-------
Melee: Mace              ||     9
Armor: Leather armour    ||    14
Dodge: Dodged            ||    10

Table legend: (Time is in decaauts)
 A = Elapsed time spent in this place.
 B = Non-inter-level travel time spent in this place.
 C = Inter-level travel time spent in this place.
 D = Time resting spent in this place.
 E = Time spent auto-exploring this place.
 F = Levels seen in this place.
 G = Mean time per level.
                   A        B        C        D        E       F      G
               +--------+--------+--------+--------+--------+-----+--------+
         Total |     53 |     53 |      0 |      0 |      0 |   1 |   53.0 |
       Dungeon |     53 |     53 |      0 |      0 |      0 |   1 |   53.0 |
               +--------+--------+--------+--------+--------+-----+--------+

Top non-repeatable levels by time:
     D:1: 53 daAuts
